 Dungeon Crawl Stone Soup version 0.29.0-11-gd7f09526c8 (webtiles) character file.

Game seed: 12933343367908969568

9 sanka the Changer (level 2, 14/14 HPs)
             Began as a Spriggan Transmuter on Sept 4, 2022.
             Was a Follower of Vehumet.
             Quit the game on level 1 of the Dungeon.
             The game lasted 00:00:45 (578 turns).

sanka the Changer (Spriggan Transmuter)              Turns: 578, Time: 00:00:45

Health: 14/14      AC:  2    Str:  6    XL:     2   Next: 3%
Magic:  7/7        EV: 17    Int: 14    God:    Vehumet [*.....]
Gold:   7          SH:  0    Dex: 15    Spells: 6/7 levels left

rFire   . . .      SeeInvis +     - Unarmed
rCold   . . .      Faith    .   (no shield)
rNeg    . . .      Spirit   .   a - +0 robe
rPois   .          Reflect  .   (helmet restricted)
rElec   .          Harm     .   (no cloak)
rCorr   .          Rampage  .   (gloves unavailable)
Will    .....                   (boots unavailable)
Stlth   +.........              (no amulet)
HPRegen 0.04/turn               (no ring)
MPRegen 0.10/turn               (no ring)

@: very quick
A: very small, no large weapons, unfitting armour, see invisible, speed 3
a: Renounce Religion


You were on level 1 of the Dungeon.
You worshipped Vehumet.
Vehumet was aware of your devotion.
You visited 1 branch of the dungeon, and saw 1 of its levels.

You collected 7 gold pieces.


Innate Abilities, Weirdness & Mutations

You are very small and have problems with some larger weapons.
You are too small for most types of armour.
You have supernaturally acute eyesight. (SInv)
You cover ground extremely quickly. (Speed+++)


   Skills:
 - Level 0.7 Fighting
 - Level 2.6 Dodging
 - Level 2.4 Unarmed Combat
 - Level 3.0 Spellcasting
 + Level 3.1 Transmutations
 + Level 0.9 Poison Magic


You had 6 spell levels left.
You knew the following spells:

 Your Spells              Type           Power      Damage    Failure   Level
z - Beastly Appendage     Tmut           20%        N/A       6%          1

Your spell library contained the following spells:

 Spells                   Type           Power      Damage    Failure   Level
 Foxfire                  Conj/Fire      8%         2x1d4     22%         1
 Wereblood                Tmut           10%        N/A       9%          2
 Spider Form              Tmut/Pois      7%         N/A       28%         3
 Ice Form                 Ice/Tmut       6%         N/A       75%         4

Inventory:

Armour
 a - a +0 robe (worn)
Scrolls
 c - a scroll of immolation {unknown}
Potions
 b - a potion of lignification {!q}

Dungeon Overview and Level Annotations

Branches:
Dungeon (1/15)

Altars:
Vehumet

▒.........▒
......▒▒▒▒..▒
▒▒▒▒..▒▒▒▒..▒
▒........▒
.▒.▒▒▒▒..▒ ..
.▒
▒▒..▒▒▒▒▒▒▒▒
..
▒▒...▒.......
▒............
▒▒...i..(....
▒▒...▒▒▒▒▒▒▒
▒...▒ ▒▒.▒▒
▒.▒ ▒.▒ ..▒
▒▒


There were no monsters in sight!


Message History

The ball python constricts you.
You hit the ball python.
You kill the ball python!
The giant cockroach misses you.
You closely miss the giant cockroach.
You claw the giant cockroach, but do no damage.
The giant cockroach bites you but does no damage.
You barely miss the giant cockroach. You claw the giant cockroach.
You headbutt the giant cockroach.
You kill the giant cockroach!
You have reached level 2!
Your horns disappear.
Your talons disappear.
There is an open door here.
There is an open door here.
There is a faded altar of an unknown god here.
You cannot tell which god this altar belongs to.
Convert to them anyway?
Vehumet accepts your prayer! Vehumet welcomes you!
You can now gain magical power from killing.
Vehumet offers you knowledge of Foxfire.
There is an open door here.
There is an open door here.
Found a scroll labelled GUGALYSIPI.
Found 5 stones.
c - a scroll labelled GUGALYSIPI
Okay, then.
Unknown command.
Are you sure you want to abandon this character and quit the game? (Confirm with "yes".)

Action                   || total
-------------------------++-------
Melee: Unarmed           ||    16
       Headbutt          ||     4
       Kick              ||     3
 Cast: Beastly Appendage ||     3
Armor: Robe              ||     7
Dodge: Dodged            ||    13

Levels and vault maps discovered:
D:1:      amcnicky_arrival_gap_in_the_tavern_cellar, layout_loops_cross,
          hellmonk_ecumenical_altar_inner_sanctum

Notes
Turn   | Place    | Note
-------+----------+-------------------------------------------
     0 | D:1      | sanka the Spriggan Transmuter began the quest for the Orb.
     0 | D:1      | Reached XP level 1. HP: 9/9 MP: 5/5
   412 | D:1      | Reached skill level 3 in Spellcasting
   412 | D:1      | Reached skill level 3 in Transmutations
   483 | D:1      | Found a faded altar of an unknown god.
   506 | D:1      | Reached XP level 2. HP: 12/14 MP: 5/7
   517 | D:1      | Prayed at the altar of an unknown god.
   517 | D:1      | Became a worshipper of Vehumet
   517 | D:1      | Reached * piety under Vehumet
   517 | D:1      | Offered knowledge of Foxfire by Vehumet.
   578 | D:1      | Quit the game

Vanquished Creatures
  A dart slug (D:1)
  A ball python (D:1)
  A bat (D:1)
  A giant cockroach (D:1)
  A hobgoblin (D:1)
  A rat (D:1)
6 creatures vanquished.
